 Dungeon Crawl Stone Soup version 0.29.1-1-gd02db6906a (webtiles) character file.

Game seed: 1030128257976539154

23 Sabo the Gusty (level 2, 17/17 HPs)
             Began as an Octopode Air Elementalist on Oct 2, 2022.
             Was a Follower of Trog.
             Got out of the dungeon alive.
             The game lasted 00:07:53 (1313 turns).

Sabo the Gusty (Octopode Air Elementalist)          Turns: 1313, Time: 00:07:54

Health: 17/17      AC:  1    Str:  7    XL:     2   Next: 95%
Magic:  5/5        EV: 13    Int: 17    God:    Trog [*.....]
Gold:   55         SH:  0    Dex: 12    Spells: 4/5 levels left

rFire   . . .      SeeInvis .   j - +0 long sword
rCold   . . .      Faith    .   (no shield)
rNeg    . . .      Spirit   .   (helmet restricted)
rPois   .          Reflect  .   (no amulet)
rElec   .          Harm     .   (no ring)
rCorr   .          Rampage  .   (no ring)
Will    .....                   (no ring)
Stlth   +++.......              (no ring)
HPRegen 0.05/turn               (no ring)
MPRegen 0.09/turn               (no ring)
                                (no ring)
                                (no ring)

@: no status effects
A: almost no armour, amphibious, 8 rings, camouflage 1, gelatinous body 1,
(nimble swimmer 1), tentacles
a: Renounce Religion, Berserk


You escaped.
You worshipped Trog.
Trog was aware of your devotion.
You visited 1 branch of the dungeon, and saw 2 of its levels.

You collected 55 gold pieces.

Inventory:

Hand Weapons
 i - a +0 sling
 j - a +0 long sword (weapon)
Scrolls
 c - a scroll of enchant armour {unknown}
 e - 2 scrolls of fear
Potions
 a - a potion of magic
 b - a potion of brilliance {unknown}
 f - a potion of curing {unknown}
 g - a potion of attraction {unknown}
 h - a potion of degeneration {unknown}


   Skills:
 + Level 2.0 Dodging
 + Level 2.7 Stealth
 - Level 2.2 Spellcasting
 - Level 1.1 Conjurations
 - Level 3.7 Air Magic


You had 4 spell levels left.
You knew the following spells:

 Your Spells              Type           Power      Damage    Failure   Level
a - Shock                 Conj/Air       40%        1d5       7%          1

Your spell library contained the following spells:

 Spells                   Type           Power      Damage    Failure   Level
 Static Discharge         Conj/Air       10%        3-5/arc   11%         2
 Swiftness                Air            14%        N/A       12%         3
 Airstrike                Air            7%         2d(1-17)  36%         4
 Gell's Gravitas          Tloc           1%         N/A       50%         3
 Lesser Beckoning         Tloc           1%         N/A       50%         3
 Teleport Other           Tloc           1%         N/A       50%         3


Dungeon Overview and Level Annotations

Branches:
Dungeon (2/15)

Altars:
Trog
Uskayaw


Innate Abilities, Weirdness & Mutations

You cannot wear most types of armour.
You are amphibious.
You can wear up to eight rings at the same time.
Your skin changes colour to match your surroundings (Stealth+).
Your rubbery body absorbs attacks. (AC +1, EV +1)
((You are camouflaged when in or above water. (Stealth+)))
You have tentacles for arms and can constrict up to eight enemies at once.


Message History

You constrict the kobold, but do no damage.
The kobold closely misses you.
You hit the kobold but do no damage.
The kobold is heavily wounded.
You constrict the kobold, but do no damage.
The kobold misses you.
You hit the kobold.
You kill the kobold!
You start resting.
Magic restored.
Things that are here:
a +0 long sword; a stone; a +0 ring mail
j - a +0 long sword
j - a +0 long sword (weapon)
You drop a +0 mace.
Things that are here:
a stone; a +0 ring mail You see here a +0 mace.
There is an open door here.
Found a faded altar of an unknown god.
There is a faded altar of an unknown god here.
You cannot tell which god this altar belongs to.
Convert to them anyway?
Trog accepts your prayer! Trog welcomes you!
You can now go berserk at will.
You see here a +0 whip.
You see here a +0 mace.
You see here 4 stones.
You see here 4 stones.
You see here 4 stones.
There is a stone staircase leading up here.
You can't go down here!
You climb upwards.
There is a stone staircase leading down here.
You see here 5 stones.
There is a dry fountain here.
There is a staircase leading out of the dungeon here.
You can't go down here!
Are you sure you want to leave the Dungeon?
This will make you lose the game!
You have escaped!

###......................###
##...##.####.####.####.##...##
#..###...##...##...##...###..#
#.## #.⌠.##.⌠.##.⌠.##.⌠.# ##.# #
#.####...##...##...##...####.###
#...###.####.####.####.###...##.
#.⌠.###.####.####.####.###.⌠.#..
#............................#..
##.##..........@.........##.##..
#............................#..
#.⌠.###.####.####.####.###.⌠.#..
#...###.####.####.####.###...#..
#.####...##...##..[##...####.#..
#.## #.⌠.##.⌠.##.⌠.##.⌠.# ##.#..
#..###...##...##...##...###..#..
##...##.####.####.####.#....##.†
###......................####..


There were no monsters in sight!

Vanquished Creatures
  A dart slug (D:1)
  2 bats (D:1)
  3 endoplasms
  2 giant cockroaches
  2 goblins (D:2)
  A hobgoblin (D:2)
  2 frilled lizards (D:1)
  4 kobolds
  3 rats
20 creatures vanquished.

Notes
Turn   | Place    | Note
-------+----------+-------------------------------------------
     0 | D:1      | Sabo the Octopode Air Elementalist began the quest for the
                  | Orb.
     0 | D:1      | Reached XP level 1. HP: 11/11 MP: 3/3
   386 | D:1      | Reached XP level 2. HP: 17/17 MP: 1/5
  1001 | D:2      | Found a hide-covered altar of Uskayaw.
  1184 | D:2      | Found a faded altar of an unknown god.
  1195 | D:2      | Prayed at the altar of an unknown god.
  1195 | D:2      | Became a worshipper of Trog the Wrathful
  1195 | D:2      | Reached * piety under Trog
  1313 | D:$      | Got out of the dungeon alive.

Illustrated notes

Levels and vault maps discovered:
D:1:      dpeg_arrival_chambers_temple_mockup, layout_rooms,
          serial_park_tiny_pond
D:2:      minmay_spotlight, layout_basic, shapermc_ecumenical_altar_venn,
          basic_altar

Action                   || total
-------------------------++-------
Melee: Tentacles         ||     3
       Whip              ||     1
       Mace              ||     8
       Constrict         ||     3
 Cast: Shock             ||    32
  Use: Scroll            ||     1
Dodge: Dodged            ||     5
